 Dungeon Sprint DCSS version 0.17.2-1-ge4368a0 (webtiles) character file.

139766 hexophile the Talismancer (level 17, -11/183 HPs)
             Began as a Ghoul Fighter on Oct 12, 2016.
             Was the Champion of Makhleb.
             Killed by the air
             ... invoked by a titan
              (22 damage)
             ... in the Dungeon (Sprint V: "Ziggurat Sprint") on Oct 13, 2016.
             The game lasted 00:11:12 (1673 turns).

hexophile the Talismancer (Ghoul Fighter)           Turns: 1673, Time: 00:11:13

Health: -11/183    AC: 34    Str: 40    XL:     17   Next: 29%
Magic:  0/33       EV:  5    Int: 10    God:    Makhleb [******]
Gold:   0          SH: 34    Dex: 10    Spells: 0 memorised, 16 levels left

rFire  + + +     SeeInvis +     J - +14 obsidian axe {chop, +Fly Str+3 SInv *Curse}
rCold  + + +     Clarity  .     E - +5 gold dragon armour {rC+ rF+ rPois}
rNeg   + + +     SustAt   +     I - +18 shield of the gong {rElec rN+ MR+ EV-5}
rPois  ∞         Gourm    .     Q - +2 hat of the Bear Spirit {Spirit, +Rage rN+ MR++}
rElec  +         Spirit   +     R - +2 cloak "Kokoick" {rPois rF+ rC+ Int+3}
rCorr  .         Warding  .     N - +1 pair of gloves {Str+3} {Str+3}
rMut   .         NoTele   +     (no boots)
MR     ++++.                    (no amulet)
Stlth  ..........               B - ring of the Rabble {rF+ rN+ Int+4 Dex+2}
                                a - ring of Lies {SustAt Str+7 Slay+3}

@: mesmerised, rotting, incredibly resistant to hostile enchantments, extremely
unstealthy
A: rotting body, claws 1, carnivore 3, cold resistance 1, negative energy
resistance 3, slow regeneration 1, torment resistance, unbreathing
a: Minor Destruction, Lesser Servant of Makhleb, Major Destruction, Greater
Servant of Makhleb, Renounce Religion, Evoke Flight


You were in the Dungeon.
You worshipped Makhleb.
Makhleb was exalted by your worship.
You were near starving.

You visited 1 branch


Innate Abilities, Weirdness & Mutations

Your body is rotting away.
You thrive on raw meat.
You are immune to poison.
You have sharp fingernails.
You are carnivorous and can eat meat at any time.
Your flesh is cold resistant.
You are immune to negative energy.
You regenerate slowly when monsters are visible.
You are immune to unholy pain and torment.
You can survive without breathing.

Inventory:

Hand Weapons
 D - a +4 broad axe of draining
 J - the +14 obsidian axe (weapon) {chop, +Fly Str+3 SInv *Curse}
   (You found it in the Dungeon)

   It inflicts extra damage upon your enemies.
   It affects your strength (+3).
   It lets you see invisible.
   It lets you fly.
   It may re-curse itself when equipped.
Armour
 E - a +5 gold dragon armour (worn) {rC+ rF+ rPois}
 I - the +18 shield of the gong (worn) {rElec rN+ MR+ EV-5}
   (You found it in the Dungeon)

   It affects your evasion (-5).
   It insulates you from electricity.
   It protects you from negative energy.
   It affects your resistance to hostile enchantments.
 N - a +1 pair of gloves of strength (worn) {Str+3}
 Q - the +2 hat of the Bear Spirit (worn) {Spirit, +Rage rN+ MR++}
   (You found it in the Dungeon)

   It protects you from negative energy.
   It affects your resistance to hostile enchantments.
   It lets you go berserk.
 R - the +2 cloak "Kokoick" (worn) {rPois rF+ rC+ Int+3}
   (You found it in the Dungeon)

   It affects your intelligence (+3).
   It protects you from fire.
   It protects you from cold.
   It protects you from poison.
Jewellery
 a - the ring of Lies (left hand) {SustAt Str+7 Slay+3}
   (You found it in the Dungeon)

   [ring of sustain attributes]

   It sustains your strength, intelligence and dexterity.
   It affects your strength (+7).
   It affects your accuracy and damage with ranged weapons and melee attacks
   (+3).
 B - the ring of the Rabble (right hand) {rF+ rN+ Int+4 Dex+2}
   (You found it in the Dungeon)

   [ring of dexterity]

   It affects your intelligence (+4).
   It affects your dexterity (+2).
   It protects you from fire.
   It protects you from negative energy.
 C - the ring "Qyasunti" {Fire rElec MP+9}
   (You found it in the Dungeon)

   [ring of fire]

   It enhances your fire magic, and weakens your ice magic.
   It protects you from fire.
   It makes you vulnerable to cold.
   It insulates you from electricity.
   It affects your magic capacity (+9).
 F - the ring of Shaolin {EV+8}
   (You found it in the Dungeon)

   [ring of evasion]

   It affects your evasion (+8).
 G - the ring "Gopimmye" {rC+ rN+}
   (You found it in the Dungeon)

   [ring of protection from cold]

   It protects you from cold.
   It protects you from negative energy.
 K - the ring of Benevolence {SustAt rF+ Str+3}
   (You found it in the Dungeon)

   [ring of sustain attributes]

   It sustains your strength, intelligence and dexterity.
   It affects your strength (+3).
   It protects you from fire.
 P - the cursed ring of the Priest {+Fly Int-4 Dex-3 Stlth+}
   (You took it off an orc knight in the Dungeon)

   [ring of dexterity]

   It affects your intelligence (-4).
   It affects your dexterity (-3).
   It lets you fly.
   It makes you more stealthy.
   It has a curse placed upon it.
Wands
 c - a wand of disintegration (7)
 y - a wand of fire (5)
 z - a wand of cold (5)
 A - a wand of draining (5)
 M - a wand of hasting (4)
Scrolls
 k - 3 scrolls of blinking
 q - 4 scrolls of recharging
 s - 5 scrolls of identify
 t - 4 scrolls of remove curse
 u - 2 scrolls of fear
 w - 7 scrolls of fog
Potions
 d - 5 potions of might {Str+5 DMG+1d10}
 g - 4 potions of heal wounds
 h - 10 potions of haste
 i - 7 potions of magic
 j - 3 potions of berserk rage
 l - 2 potions of brilliance {Archmagi Int+5 Wiz++}
 m - 2 potions of invisibility
 n - 4 potions of resistance {rF+ rC+ rPois rElec rCorr}
 p - 8 potions of agility {Stlth+ Dex+5 EV+5}
 L - 9 potions of curing
Miscellaneous
 b - a sack of spiders {used: 4}
 f - a fan of gales
 o - a phial of floods
 v - a disc of storms
 O - a box of beasts
 S - a box of beasts
Comestibles
 e - 5 meat rations
 r - 4 bread rations
 x - 42 fruits
 H - 3 royal jellies


You had 16 spell levels left.
You didn't know any spells.


   Skills:
 * Level 24.7 Fighting
 - Level 20.0 Axes
 - Level 16.5 Armour
 - Level 6.6 Dodging
 - Level 16.4 Shields
 O Level 27 Evocations

Dungeon Overview and Level Annotations

Branches:
Dungeon (1/1)

Altars:
Ashenzari
Cheibriados
Dithmenos
Elyvilon
Fedhas
Gozag
Kikubaaqudgha
Makhleb
Nemelex Xobeh
Okawaru
Qazlal
Ru
Sif Muna
Trog
Vehumet
Xom
Yredelemnul
Zin
The Shining One
Beogh
Jiyva
Lugonu

Vault maps used:
D:        sprint_v
You       could see 2 electric golems, 3 titans, 4 storm dragons, 8 wind drakes,
          5 spriggan air magi, 2 air elementals, 3 insubstantial wisps and a
          friendly soul eater.


Message History

Drink which item? (? for menu, Esc to quit)
You feel much better.
Visions of slaying the storm dragon flood into your mind.
You block the storm dragon's attack.
BONNNG!
You block the storm dragon's attack.
PTOANNNG!
The storm dragon tramples you but does no damage.
The electric golem crackles and sizzles.
The storm dragon bites you.
* * * LOW HITPOINT WARNING * * *
You block the storm dragon's attack.
PANG!
You block the storm dragon's attack.
SHROANNG!
The spriggan air mage waves its arms in wide circles.
The air twists around and strikes you! The wind drake flaps its wings at you.
The air twists around and strikes you!
* * * LOW HITPOINT WARNING * * *
The wind drake flaps its wings at you. The air twists around and strikes you!
The titan waves its arms in wide circles.
The air twists around and strikes you! The wind drake flaps its wings at you.
The air twists around and strikes you!
The spriggan air mage hits you with the +8 rapier of Kaizuc {pierce, Int+3 SInv}.
* * * LOW HITPOINT WARNING * * *
* * * LOW HITPOINT WARNING * * *
The electric golem hurls lightning at you.
The bolt of lightning hits the wind drake.
The bolt of lightning misses the storm dragon.
The bolt of lightning hits you! You resist.
* * * LOW HITPOINT WARNING * * *
The bolt of lightning hits you! You resist.
* * * LOW HITPOINT WARNING * * *
The bolt of lightning hits the storm dragon.
The storm dragon completely resists.
The bolt of lightning hits the air elemental.
The air elemental completely resists.
The spriggan air mage hits you but does no damage.
The storm dragon bites you but does no damage.
You block the storm dragon's attack.
PANG!
The storm dragon tramples you!
* * * LOW HITPOINT WARNING * * *
You hold your ground!
The titan waves its arms in wide circles.
The air twists around and strikes you!
You die...

Action                   |  1- 3 |  4- 6 |  7- 9 | 10-12 | 13-15 | 16-18 || total
-------------------------+-------+-------+-------+-------+-------+-------++-------
Melee: Broad axe         |     2 |     5 |    43 |    61 |   196 |    80 ||   387
Evoke: Sack of spiders   |       |       |       |       |       |     5 ||     5
  Use: Scroll            |     1 |       |       |     3 |     5 |       ||     9
       Potion            |       |     1 |       |     4 |     1 |     3 ||     9
 Stab: Distracted        |       |       |     1 |       |     6 |     1 ||     8
       Confused          |       |       |       |       |       |     1 ||     1
  Eat: Chunk             |       |     3 |       |       |       |       ||     3

Notes
Turn   | Place    | Note
--------------------------------------------------------------
     0 | D        | hexophile the Ghoul Fighter began the quest for the Orb.
     0 | D        | Reached XP level 1. HP: 19/19 MP: 0/0
     0 | D        | Found a roughly hewn altar of Beogh.
     0 | D        | Found a viscous altar of Jiyva.
     0 | D        | Found a corrupted altar of Lugonu.
     0 | D        | Found a white marble altar of Elyvilon.
     0 | D        | Found a sparkling altar of Nemelex Xobeh.
     1 | D        | Found a burning altar of Makhleb.
     1 | D        | Found an iron altar of Okawaru.
     1 | D        | Found a deep blue altar of Sif Muna.
     1 | D        | Found a radiant altar of Vehumet.
     1 | D        | Found a bloodstained altar of Trog.
     1 | D        | Found a shimmering altar of Xom.
    41 | D        | Became a worshipper of Makhleb the Destroyer
    93 | D        | Entered arena 1.
    93 | D        | Noticed a water moccasin
    95 | D        | Killed a water moccasin
    95 | D        | Reached skill level 6 in Fighting
    95 | D        | Reached skill level 6 in Axes
    95 | D        | Reached XP level 2. HP: 22/30 MP: 1/1
    95 | D        | Reached XP level 3. HP: 27/37 MP: 2/2
    95 | D        | Reached XP level 4. HP: 32/44 MP: 3/3
    95 | D        | Reached * piety under Makhleb
   115 | D        | Entered arena 2.
   115 | D        | Noticed a deep elf fighter
   115 | D        | Noticed a deep elf knight
   115 | D        | Noticed a deep elf fighter
   116 | D        | Reached skill level 9 in Fighting
   116 | D        | Reached skill level 10 in Axes
   116 | D        | Reached XP level 5. HP: 51/57 MP: 4/4
   119 | D        | Killed a deep elf fighter
   119 | D        | Reached skill level 11 in Axes
   119 | D        | Reached XP level 6. HP: 64/66 MP: 5/5
   122 | D        | Killed a deep elf fighter
   122 | D        | Reached skill level 10 in Fighting
   122 | D        | Reached XP level 7. HP: 61/73 MP: 6/6
   123 | D        | Killed a deep elf knight
   123 | D        | Reached ** piety under Makhleb
   123 | D        | Reached skill level 11 in Fighting
   123 | D        | Reached skill level 13 in Axes
   123 | D        | Reached XP level 8. HP: 80/83 MP: 7/7
   129 | D        | Got the ring of Uheos {Wiz +Fly rF- Int+5}
   134 | D        | Entered arena 3.
   134 | D        | Noticed a naga
   138 | D        | Killed a naga
   138 | D        | Reached *** piety under Makhleb
   144 | D        | Entered arena 4.
   144 | D        | Noticed a golden eye
   144 | D        | Noticed a jelly
   144 | D        | Noticed a jelly
   147 | D        | Killed a golden eye
   147 | D        | Reached skill level 12 in Fighting
   147 | D        | Reached skill level 3 in Armour
   147 | D        | Reached skill level 3 in Shields
   148 | D        | Killed a jelly
   148 | D        | Reached **** piety under Makhleb
   148 | D        | Killed a jelly
   155 | D        | Got the ring "Gopimmye" {rC+ rN+}
   159 | D        | Entered arena 5.
   159 | D        | Noticed a necrophage
   159 | D        | Noticed a phantom
   159 | D        | Noticed a necrophage
   162 | D        | Killed a phantom
   162 | D        | Reached ***** piety under Makhleb
   162 | D        | Reached skill level 4 in Armour
   162 | D        | Reached skill level 4 in Shields
   162 | D        | Killed a necrophage
   163 | D        | Killed a necrophage
   171 | D        | Entered arena 6.
   171 | D        | Noticed a quasit
   171 | D        | Noticed a smoke demon
   178 | D        | Noticed an orange demon
   179 | D        | Killed a quasit
   179 | D        | Reached XP level 9. HP: 87/90 MP: 8/8
   179 | D        | Killed a smoke demon
   179 | D        | Reached skill level 14 in Axes
   179 | D        | Reached skill level 5 in Armour
   179 | D        | Reached skill level 5 in Shields
   194 | D        | Got the ring of Benevolence {SustAt rF+ Str+3}
   200 | D        | Got the +5 lajatang of the Stork {slice, rPois rF+ Str-5 Int+11}
   208 | D        | Entered arena 7.
   208 | D        | Noticed an orc wizard
   208 | D        | Noticed an orc warrior
   208 | D        | Noticed an orc wizard
   208 | D        | Noticed an orc wizard
   211 | D        | Reached ****** piety under Makhleb
   215 | D        | Killed an orc wizard
   217 | D        | Killed an orc wizard
   218 | D        | Killed an orc wizard
   220 | D        | Killed an orc warrior
   227 | D        | Got the ring of the Rabble {rF+ rN+ Int+4 Dex+2}
   237 | D        | Entered arena 8.
   237 | D        | Noticed a spriggan
   237 | D        | Noticed a black bear
   237 | D        | Noticed a wolf
   237 | D        | Noticed a spriggan
   237 | D        | Noticed a black bear
   237 | D        | Noticed a spriggan rider
   238 | D        | Noticed a wolf
   239 | D        | Killed a wolf
   239 | D        | Reached skill level 6 in Shields
   242 | D        | Killed a spriggan
   242 | D        | Reached skill level 6 in Armour
   242 | D        | Killed a spriggan
   243 | D        | Killed a wolf
   243 | D        | Killed a black bear
   244 | D        | Killed a black bear
   248 | D        | Killed a wasp
   248 | D        | Reached skill level 7 in Armour
   248 | D        | Reached skill level 7 in Shields
   248 | D        | Killed a spriggan
   257 | D        | Got the cursed +1 chain mail "Leesin" {rElec rCorr Str+2 Dex+6}
   263 | D        | Entered arena 9.
   263 | D        | Noticed a scorpion
   263 | D        | Noticed a wolf spider
   263 | D        | Noticed a scorpion
   263 | D        | Noticed a tarantella
   263 | D        | Noticed a jumping spider
   263 | D        | Noticed a scorpion
   263 | D        | Noticed a jumping spider
   263 | D        | Noticed a scorpion
   268 | D        | Killed a scorpion
   268 | D        | Killed a scorpion
   268 | D        | Reached skill level 13 in Fighting
   269 | D        | Killed a wolf spider
   269 | D        | Reached XP level 10. HP: 101/101 MP: 9/9
   271 | D        | Killed a scorpion
   271 | D        | Killed a tarantella
   272 | D        | Killed a scorpion
   274 | D        | Killed a jumping spider
   274 | D        | Reached skill level 8 in Armour
   274 | D        | Reached skill level 8 in Shields
   274 | D        | Killed a jumping spider
   274 | D        | Reached skill level 15 in Axes
   280 | D        | Entered arena 10.
   280 | D        | Noticed an eye of draining
   280 | D        | Noticed a golden eye
   280 | D        | Noticed an eye of draining
   280 | D        | Noticed a golden eye
   280 | D        | Noticed a slime creature
   280 | D        | Noticed a slime creature
   282 | D        | Paralysed by a giant eyeball for 4 turns
   286 | D        | Killed a golden eye
   288 | D        | Killed a slime creature
   288 | D        | Killed an eye of draining
   292 | D        | Killed a slime creature
   292 | D        | Killed an eye of draining
   292 | D        | Paralysed by a giant eyeball for 4 turns
   296 | D        | Killed a golden eye
   304 | D        | Got the cursed +0 long sword of Pamnuivu {slice, MR+ Int+2}
   308 | D        | Got the ring of Lies {SustAt Str+7 Slay+3}
   319 | D        | Got the ring of Tiebes {+Fly MP+9}
   323 | D        | Entered arena 11.
   323 | D        | Noticed a crimson imp
   323 | D        | Noticed a wretched star
   323 | D        | Noticed a crimson imp
   323 | D        | Noticed a tentacled starspawn
   323 | D        | Noticed a balrug
   324 | D        | Noticed a tentacled starspawn
   324 | D        | Noticed a quasit
   324 | D        | Noticed an orange demon
   324 | D        | Noticed a hell hog
   332 | D        | Killed a balrug
   332 | D        | Reached skill level 14 in Fighting
   332 | D        | Reached skill level 9 in Armour
   332 | D        | Reached skill level 9 in Shields
   332 | D        | Killed a tentacled starspawn
   332 | D        | Reached skill level 10 in Armour
   332 | D        | Reached skill level 10 in Shields
   332 | D        | Reached XP level 11. HP: 111/111 MP: 4/10
   332 | D        | Killed a hell hog
   332 | D        | Reached skill level 15 in Fighting
   334 | D        | Killed a tentacled starspawn
   334 | D        | Reached skill level 16 in Axes
   334 | D        | Killed a quasit
   335 | D        | Killed an orange demon
   337 | D        | Killed a wretched star
   337 | D        | Killed a crimson imp
   339 | D        | Killed a crimson imp
   381 | D        | Entered arena 12.
   381 | D        | Noticed a freezing wraith
   381 | D        | Noticed a freezing wraith
   381 | D        | Noticed an ice beast
   382 | D        | Noticed a phantom
   382 | D        | Noticed an ice devil
   382 | D        | Noticed a wight
   382 | D        | Noticed a wight
   382 | D        | Noticed a phantom
   386 | D        | Killed a freezing wraith
   386 | D        | Reached skill level 11 in Armour
   386 | D        | Reached skill level 11 in Shields
   386 | D        | Killed an ice beast
   387 | D        | Killed a freezing wraith
   390 | D        | Killed a phantom
   390 | D        | Killed an ice devil
   392 | D        | Killed a wight
   392 | D        | Killed a wight
   394 | D        | Killed a phantom
   408 | D        | Entered arena 13.
   409 | D        | Noticed a stone giant
   409 | D        | Noticed a vault guard
   409 | D        | Noticed a yaktaur
   409 | D        | Noticed a vault guard
   409 | D        | Noticed a vault guard
   409 | D        | Noticed a vault guard
   409 | D        | Noticed a lich
   410 | D        | Noticed a vault guard
   410 | D        | Noticed a stone giant
   410 | D        | Noticed a vault guard
   410 | D        | Noticed a vault guard
   410 | D        | Noticed a vault guard
   412 | D        | Noticed a large abomination
   412 | D        | Noticed a tentacled monstrosity
   412 | D        | Noticed a large abomination
   412 | D        | Noticed a tentacled monstrosity
   421 | D        | Killed a vault guard
   421 | D        | Reached skill level 16 in Fighting
   422 | D        | Killed a yaktaur
   423 | D        | Killed a lich
   423 | D        | Reached skill level 17 in Axes
   423 | D        | Reached skill level 12 in Armour
   423 | D        | Reached skill level 12 in Shields
   423 | D        | Reached XP level 12. HP: 65/124 MP: 11/11
   424 | D        | Killed a stone giant
   424 | D        | Killed a vault guard
   425 | D        | Killed a vault guard
   425 | D        | Reached skill level 17 in Fighting
   426 | D        | Killed a vault guard
   427 | D        | Killed a vault guard
   427 | D        | Killed a vault guard
   427 | D        | Killed a vault guard
   427 | D        | Reached skill level 13 in Armour
   427 | D        | Reached skill level 13 in Shields
   428 | D        | Killed a stone giant
   431 | D        | Killed a vault guard
   454 | D        | Entered arena 14.
   460 | D        | Noticed a purple ugly thing
   460 | D        | Noticed a troll
   460 | D        | Noticed a hill giant
   460 | D        | Noticed a neqoxec
   460 | D        | a hill giant changed into an eye of devastation
   461 | D        | Noticed a purple very ugly thing
   461 | D        | Noticed a wolf spider
   461 | D        | Noticed a redback
   461 | D        | Noticed a deep troll
   468 | D        | Killed a purple ugly thing
   468 | D        | Noticed a shock serpent
   468 | D        | a manticore changed into a shock serpent
   470 | D        | Noticed an anaconda
   470 | D        | Killed a troll
   471 | D        | Noticed a shock serpent
   471 | D        | Noticed a ghost crab
   471 | D        | a sea snake changed into a ghost crab
   474 | D        | an anaconda changed into a faun
   476 | D        | Killed a purple very ugly thing
   476 | D        | Reached skill level 18 in Fighting
   476 | D        | Reached XP level 13. HP: 126/134 MP: 12/12
   476 | D        | Killed a shock serpent
   476 | D        | Reached skill level 18 in Axes
   479 | D        | a ghost crab changed into a snapping turtle
   480 | D        | Killed a neqoxec
   481 | D        | Killed a shock serpent
   511 | D        | Reached skill level 14 in Armour
   511 | D        | Reached skill level 14 in Shields
   520 | D        | Got the +7 large shield of the Princeling {rPois rC- Dex+2}
   524 | D        | Got the +2 hunting sling of Light {speed, rC++ SInv}
   531 | D        | Got the cursed +0 shield of the Bard {rN+ rCorr MP+9 Stlth-}
   535 | D        | Entered arena 15.
   536 | D        | Noticed a soul eater
   536 | D        | Noticed a soul eater
   536 | D        | Noticed a soul eater
   540 | D        | Noticed a soul eater
   540 | D        | Noticed a soul eater
   540 | D        | Noticed a soul eater
   540 | D        | Noticed a soul eater
   544 | D        | Killed a soul eater
   548 | D        | Killed a soul eater
   550 | D        | Killed a soul eater
   551 | D        | Killed a soul eater
   553 | D        | Killed a soul eater
   554 | D        | Killed a soul eater
   557 | D        | Killed a soul eater
   579 | D        | Entered arena 16.
   691 | D        | Noticed an anaconda
   691 | D        | Noticed an oklob plant
   691 | D        | Noticed a spriggan rider
   691 | D        | Noticed a spriggan berserker
   691 | D        | Noticed a satyr
   691 | D        | Noticed a yak
   691 | D        | Noticed a spriggan defender
   692 | D        | Noticed a dire elephant
   692 | D        | Noticed a spriggan air mage
   692 | D        | Noticed an anaconda
   692 | D        | Noticed a spriggan berserker
   692 | D        | Noticed a spriggan air mage
   692 | D        | Noticed a hornet
   692 | D        | Noticed a spriggan air mage
   694 | D        | Killed an oklob plant
   694 | D        | Reached skill level 19 in Fighting
   695 | D        | Killed an anaconda
   696 | D        | Killed a spriggan berserker
   696 | D        | Killed a yak
   696 | D        | Killed a hornet
   698 | D        | Killed an anaconda
   699 | D        | Killed a spriggan air mage
   699 | D        | Identified a +2 rod of shadows (7/12)
   700 | D        | Killed a dire elephant
   700 | D        | Reached skill level 15 in Armour
   700 | D        | Reached skill level 15 in Shields
   701 | D        | Killed a spriggan air mage
   701 | D        | Reached skill level 19 in Axes
   702 | D        | Killed a spriggan berserker
   704 | D        | Killed a spriggan defender
   704 | D        | Killed a satyr
   708 | D        | Killed a wasp
   708 | D        | Killed a spriggan
   709 | D        | Killed a spriggan air mage
   709 | D        | Reached XP level 14. HP: 123/147 MP: 13/13
   711 | D        | Got the ring "Qyasunti" {Fire rElec MP+9}
   777 | D        | Entered arena 17.
   786 | D        | Noticed a white draconian
   786 | D        | Noticed a purple draconian
   786 | D        | Noticed a black draconian
   786 | D        | Noticed a white draconian
   786 | D        | Noticed a green draconian zealot
   786 | D        | Noticed a mottled draconian
   787 | D        | Noticed a purple draconian
   787 | D        | Noticed a red draconian
   788 | D        | Noticed a red draconian
   788 | D        | Noticed a mottled draconian
   788 | D        | Noticed a purple draconian
   788 | D        | Noticed a purple draconian
   788 | D        | Noticed a purple draconian
   788 | D        | Noticed a yellow draconian
   788 | D        | Noticed a mottled draconian
   788 | D        | Noticed a yellow draconian
   788 | D        | Noticed a green draconian
   790 | D        | Noticed a red draconian
   798 | D        | Killed a purple draconian
   798 | D        | Reached skill level 1 in Dodging
   798 | D        | Killed a mottled draconian
   798 | D        | Reached skill level 2 in Dodging
   801 | D        | Killed a mottled draconian
   802 | D        | Killed a white draconian
   802 | D        | Reached skill level 20 in Fighting
   802 | D        | Reached skill level 3 in Dodging
   802 | D        | Killed a yellow draconian
   803 | D        | Killed a red draconian
   805 | D        | Killed a red draconian
   805 | D        | Reached skill level 4 in Dodging
   806 | D        | Killed a purple draconian
   812 | D        | Killed a green draconian zealot
   812 | D        | Reached skill level 16 in Armour
   814 | D        | Killed a green draconian
   819 | D        | Killed a purple draconian
   819 | D        | Reached skill level 5 in Dodging
   819 | D        | Reached skill level 16 in Shields
   821 | D        | Killed a white draconian
   828 | D        | Killed a black draconian
   831 | D        | Killed a purple draconian
   832 | D        | Killed a yellow draconian
   832 | D        | Reached skill level 6 in Dodging
   833 | D        | Killed a red draconian
   838 | D        | Killed a purple draconian
   838 | D        | Reached skill level 20 in Axes
   840 | D        | Killed a mottled draconian
   858 | D        | Got the cursed +1 plate armour of the King {rC- Str+6 SInv}
   864 | D        | Got the cursed +0 plate armour of Lifelessness {rN+ Regen+ Slay+5}
   885 | D        | Entered arena 18.
   894 | D        | Noticed a death ooze
   894 | D        | Noticed a golden eye
   894 | D        | Noticed an eye of draining
   894 | D        | Noticed a slime creature
   894 | D        | Noticed a giant orange brain
   894 | D        | Noticed an azure jelly
   895 | D        | Noticed a slime creature
   895 | D        | Noticed a jelly
   895 | D        | Noticed a death ooze
   895 | D        | Noticed a slime creature
   895 | D        | Noticed a slime creature
   895 | D        | Noticed a slime creature
   895 | D        | Noticed a jelly
   897 | D        | Noticed a great orb of eyes
   899 | D        | Noticed a golden eye
   899 | D        | Killed a golden eye
   899 | D        | Reached skill level 1 in Evocations
   900 | D        | Noticed a slime creature
   900 | D        | Killed a death ooze
   900 | D        | Reached skill level 3 in Evocations
   900 | D        | Killed a jelly
   901 | D        | Killed a slime creature
   902 | D        | Killed a slime creature
   902 | D        | Reached skill level 4 in Evocations
   903 | D        | Noticed an eye of devastation
   903 | D        | Killed a death ooze
   903 | D        | Reached skill level 5 in Evocations
   906 | D        | Killed an azure jelly
   906 | D        | Reached skill level 7 in Evocations
   907 | D        | Killed a slime creature
   907 | D        | Killed a great orb of eyes
   907 | D        | Reached skill level 8 in Evocations
   908 | D        | Killed an eye of draining
   909 | D        | Killed a jelly
   912 | D        | Killed a very large slime creature
   913 | D        | Killed a golden eye
   918 | D        | Killed an eye of devastation
   918 | D        | Reached skill level 9 in Evocations
   920 | D        | Killed a giant orange brain
   936 | D        | Got the ring of Jyloll {rF+ Int+2}
   947 | D        | Got the cursed +0 plate armour of Life {rCorr Int+2}
  1019 | D        | Entered arena 19.
  1031 | D        | Noticed a warg
  1031 | D        | Noticed an orc knight
  1032 | D        | Noticed an orc priest
  1032 | D        | Noticed an orc warlord
  1032 | D        | Noticed an orc warlord
  1032 | D        | Noticed an orc knight
  1032 | D        | Noticed an orc high priest
  1032 | D        | Noticed an orc warrior
  1034 | D        | Noticed an ogre
  1035 | D        | Noticed an orc high priest
  1037 | D        | Noticed an orc warrior
  1037 | D        | Noticed an orc warrior
  1037 | D        | Killed a warg
  1038 | D        | Noticed an orc knight
  1038 | D        | Killed an orc priest
  1039 | D        | Noticed an orc sorcerer
  1039 | D        | Noticed a moth of wrath
  1039 | D        | Noticed a troll
  1044 | D        | Killed an orc knight
  1045 | D        | Killed an ogre
  1045 | D        | Reached skill level 10 in Evocations
  1046 | D        | Killed an orc warlord
  1046 | D        | Killed an orc warrior
  1048 | D        | Killed an orc knight
  1048 | D        | Reached XP level 15. HP: 156/156 MP: 20/22
  1049 | D        | Killed an orc warrior
  1049 | D        | Reached skill level 11 in Evocations
  1052 | D        | Killed an orc warrior
  1053 | D        | Killed an orc warlord
  1054 | D        | Killed an orc knight
  1055 | D        | Killed an orc high priest
  1055 | D        | Reached skill level 12 in Evocations
  1056 | D        | Killed an orc sorcerer
  1057 | D        | Killed a moth of wrath
  1059 | D        | Killed an orc high priest
  1061 | D        | Killed a troll
  1061 | D        | Reached skill level 13 in Evocations
  1063 | D        | Got the cursed ring of the Priest {+Fly Int-4 Dex-3 Stlth+}
  1206 | D        | Entered arena 20.
  1217 | D        | Noticed a deep elf fighter
  1217 | D        | Noticed a deep elf knight
  1218 | D        | Noticed a deep elf blademaster
  1218 | D        | Noticed a deep elf annihilator
  1218 | D        | Noticed a deep elf blademaster
  1218 | D        | Noticed a deep elf summoner
  1218 | D        | Noticed a deep elf sorcerer
  1218 | D        | Noticed a deep elf summoner
  1218 | D        | Noticed a deep elf master archer
  1219 | D        | Noticed a deep elf annihilator
  1219 | D        | Noticed a deep elf mage
  1219 | D        | Noticed a deep elf blademaster
  1219 | D        | Noticed a deep elf mage
  1219 | D        | Noticed a deep elf master archer
  1219 | D        | Identified the +0 great mace "Noawoden" {venom, *Contam +Blink Str+4}
  1220 | D        | Noticed a deep elf blademaster
  1220 | D        | Noticed a deep elf fighter
  1220 | D        | Noticed a deep elf conjurer
  1222 | D        | Noticed a deep elf summoner
  1222 | D        | Noticed a deep elf mage
  1223 | D        | Noticed a deep elf annihilator
  1224 | D        | Noticed a deep elf knight
  1224 | D        | Noticed a deep elf mage
  1225 | D        | Killed a deep elf sorcerer
  1225 | D        | Killed a deep elf annihilator
  1227 | D        | Noticed a deep elf fighter
  1228 | D        | Killed a deep elf blademaster
  1228 | D        | Reached skill level 14 in Evocations
  1229 | D        | Noticed a deep elf knight
  1230 | D        | Killed a deep elf mage
  1230 | D        | Killed a deep elf blademaster
  1230 | D        | Reached skill level 15 in Evocations
  1231 | D        | Killed a deep elf blademaster
  1231 | D        | Reached skill level 16 in Evocations
  1232 | D        | Killed a deep elf knight
  1233 | D        | Noticed a deep elf fighter
  1237 | D        | Killed a deep elf mage
  1237 | D        | Killed a deep elf mage
  1238 | D        | Killed a deep elf master archer
  1238 | D        | Killed a deep elf master archer
  1238 | D        | Reached skill level 17 in Evocations
  1239 | D        | Killed a deep elf blademaster
  1240 | D        | Killed a deep elf knight
  1242 | D        | Killed a deep elf fighter
  1242 | D        | Killed a deep elf summoner
  1242 | D        | Reached skill level 18 in Evocations
  1243 | D        | Killed a deep elf annihilator
  1243 | D        | Killed a deep elf fighter
  1243 | D        | Killed a deep elf knight
  1244 | D        | Killed a deep elf conjurer
  1246 | D        | Killed a deep elf fighter
  1247 | D        | Killed a deep elf mage
  1248 | D        | Killed a deep elf fighter
  1252 | D        | Killed a deep elf summoner
  1255 | D        | Killed a deep elf annihilator
  1255 | D        | Killed a deep elf summoner
  1264 | D        | Got the +2 cloak "Kokoick" {rPois rF+ rC+ Int+3}
  1288 | D        | Entered arena 21.
  1334 | D        | Noticed a shadow dragon
  1334 | D        | Noticed an ice dragon
  1334 | D        | Noticed a steam dragon
  1334 | D        | Noticed an iron dragon
  1335 | D        | Noticed a golden dragon
  1335 | D        | Noticed a golden dragon
  1335 | D        | Noticed a five-headed hydra
  1335 | D        | Noticed a fire drake
  1335 | D        | Noticed a shadow dragon
  1335 | D        | Noticed a swamp drake
  1335 | D        | Noticed a quicksilver dragon
  1335 | D        | Noticed a quicksilver dragon
  1335 | D        | Noticed a six-headed hydra
  1336 | D        | Noticed a steam dragon
  1336 | D        | Noticed a mottled dragon
  1336 | D        | Noticed an ice dragon
  1336 | D        | Noticed a swamp drake
  1337 | D        | Noticed a shadow dragon
  1337 | D        | Noticed a death drake
  1338 | D        | Noticed a fire dragon
  1338 | D        | Noticed an eight-headed hydra
  1338 | D        | Noticed a wyvern
  1338 | D        | Noticed a golden dragon
  1339 | D        | Noticed a wyvern
  1339 | D        | Noticed an ice dragon
  1339 | D        | Noticed an eight-headed hydra
  1343 | D        | Noticed a wyvern
  1343 | D        | Noticed a six-headed hydra
  1344 | D        | Killed a golden dragon
  1344 | D        | Reached skill level 19 in Evocations
  1344 | D        | Killed a golden dragon
  1344 | D        | Reached skill level 20 in Evocations
  1345 | D        | Noticed a wyvern
  1347 | D        | Killed a shadow dragon
  1347 | D        | Killed a wyvern
  1349 | D        | Killed a quicksilver dragon
  1349 | D        | Reached skill level 21 in Evocations
  1349 | D        | Reached XP level 16. HP: 149/165 MP: 16/29
  1350 | D        | Killed a quicksilver dragon
  1352 | D        | Killed an iron dragon
  1353 | D        | Killed a ten-headed hydra
  1354 | D        | Killed a 12-headed hydra
  1354 | D        | Killed a mottled dragon
  1354 | D        | Reached skill level 22 in Evocations
  1355 | D        | Killed a death drake
  1356 | D        | Killed a shadow dragon
  1357 | D        | Killed an ice dragon
  1358 | D        | Killed a ten-headed hydra
  1360 | D        | Killed an ice dragon
  1361 | D        | Killed a shadow dragon
  1361 | D        | Reached skill level 23 in Evocations
  1363 | D        | Killed a wyvern
  1363 | D        | Killed a swamp drake
  1363 | D        | Killed a steam dragon
  1364 | D        | Killed a wyvern
  1365 | D        | Killed a golden dragon
  1365 | D        | Killed a 14-headed hydra
  1366 | D        | Killed a 15-headed hydra
  1367 | D        | Killed a swamp drake
  1367 | D        | Killed a wyvern
  1367 | D        | Killed an ice dragon
  1371 | D        | Killed a fire dragon
  1371 | D        | Killed a steam dragon
  1371 | D        | Reached skill level 24 in Evocations
  1383 | D        | Killed a fire drake
  1397 | D        | Identified the Collected Works on Beguiling and the Birds
  1484 | D        | Entered arena 22.
  1500 | D        | Noticed a deep elf master archer
  1500 | D        | Noticed a deep elf conjurer
  1500 | D        | Noticed a deep elf annihilator
  1500 | D        | Noticed a deep elf knight
  1500 | D        | Noticed a deep elf annihilator
  1500 | D        | Noticed a deep elf master archer
  1500 | D        | Noticed a deep elf annihilator
  1501 | D        | Noticed a deep elf high priest
  1501 | D        | Noticed a deep elf sorcerer
  1501 | D        | Noticed a deep elf sorcerer
  1501 | D        | Noticed a deep elf sorcerer
  1501 | D        | Noticed a deep elf master archer
  1501 | D        | Noticed a deep elf mage
  1502 | D        | Noticed a deep elf conjurer
  1502 | D        | Noticed a deep elf knight
  1502 | D        | Noticed a deep elf sorcerer
  1502 | D        | Noticed a deep elf fighter
  1502 | D        | Noticed a deep elf summoner
  1504 | D        | Noticed a deep elf priest
  1504 | D        | Noticed a deep elf knight
  1504 | D        | Noticed a deep elf fighter
  1504 | D        | Noticed a deep elf summoner
  1504 | D        | Noticed a deep elf fighter
  1505 | D        | Noticed a deep elf blademaster
  1505 | D        | Noticed a deep elf blademaster
  1508 | D        | Noticed a deep elf annihilator
  1508 | D        | Noticed a deep elf knight
  1508 | D        | Killed a deep elf knight
  1508 | D        | Killed a deep elf master archer
  1509 | D        | Noticed a deep elf knight
  1509 | D        | Killed a deep elf sorcerer
  1509 | D        | Killed a deep elf annihilator
  1510 | D        | Noticed a deep elf summoner
  1510 | D        | Killed a deep elf conjurer
  1511 | D        | Noticed a deep elf conjurer
  1512 | D        | Noticed a deep elf mage
  1513 | D        | Noticed a deep elf priest
  1513 | D        | Noticed a deep elf fighter
  1513 | D        | Killed a deep elf sorcerer
  1513 | D        | Reached skill level 25 in Evocations
  1514 | D        | Killed a deep elf sorcerer
  1515 | D        | Killed a deep elf sorcerer
  1515 | D        | Killed a deep elf master archer
  1516 | D        | Killed a deep elf high priest
  1518 | D        | Killed a deep elf master archer
  1519 | D        | Killed a deep elf knight
  1519 | D        | Reached skill level 26 in Evocations
  1519 | D        | Killed a deep elf summoner
  1522 | D        | Killed a deep elf blademaster
  1523 | D        | Killed a deep elf annihilator
  1525 | D        | Killed a deep elf blademaster
  1525 | D        | Killed a deep elf conjurer
  1525 | D        | Killed a deep elf knight
  1527 | D        | Killed a deep elf annihilator
  1527 | D        | Reached skill level 27 in Evocations
  1527 | D        | Killed a deep elf knight
  1527 | D        | Reached skill level 21 in Fighting
  1527 | D        | Killed a deep elf mage
  1528 | D        | Killed a deep elf priest
  1529 | D        | Reached XP level 17. HP: 172/172 MP: 6/33
  1529 | D        | Killed a deep elf conjurer
  1532 | D        | Killed a deep elf knight
  1532 | D        | Killed a deep elf summoner
  1533 | D        | Reached skill level 22 in Fighting
  1534 | D        | Killed a deep elf fighter
  1535 | D        | Killed a deep elf priest
  1535 | D        | Killed a deep elf mage
  1536 | D        | Killed a deep elf summoner
  1536 | D        | Killed a deep elf fighter
  1539 | D        | Killed a deep elf fighter
  1544 | D        | Killed a deep elf annihilator
  1546 | D        | Killed a deep elf fighter
  1549 | D        | Got the +4 halberd of Seenk {speed, *Drain +Inv rF+++ MR-}
  1632 | D        | Entered arena 23.
  1647 | D        | Noticed an air elemental
  1647 | D        | Noticed a titan
  1647 | D        | Noticed a wind drake
  1647 | D        | Noticed a wind drake
  1647 | D        | Noticed a storm dragon
  1647 | D        | Noticed an air elemental
  1648 | D        | Noticed a storm dragon
  1648 | D        | Noticed a titan
  1648 | D        | Noticed an air elemental
  1648 | D        | Noticed an electric golem
  1648 | D        | Noticed an electric golem
  1648 | D        | Noticed a spriggan air mage
  1649 | D        | Noticed a wind drake
  1649 | D        | Noticed an insubstantial wisp
  1649 | D        | Noticed an air elemental
  1649 | D        | Noticed a storm dragon
  1649 | D        | Noticed a spriggan air mage
  1650 | D        | Noticed a wind drake
  1650 | D        | Noticed a spriggan air mage
  1651 | D        | Noticed a spriggan air mage
  1651 | D        | Noticed an air elemental
  1651 | D        | Noticed a titan
  1651 | D        | Noticed an electric golem
  1651 | D        | Noticed a wind drake
  1652 | D        | Killed an air elemental
  1653 | D        | Noticed a spriggan air mage
  1653 | D        | Noticed a storm dragon
  1653 | D        | Killed an air elemental
  1653 | D        | Killed an air elemental
  1654 | D        | Noticed a spriggan air mage
  1654 | D        | Noticed a wind drake
  1655 | D        | Noticed an insubstantial wisp
  1655 | D        | Noticed a titan
  1655 | D        | Killed an air elemental
  1656 | D        | Noticed an insubstantial wisp
  1656 | D        | Noticed a titan
  1656 | D        | Killed a wind drake
  1657 | D        | Noticed an air elemental
  1657 | D        | Noticed a wind drake
  1658 | D        | Noticed a wind drake
  1659 | D        | Noticed an air elemental
  1659 | D        | Noticed a spriggan air mage
  1660 | D        | Noticed a storm dragon
  1660 | D        | Killed an electric golem
  1660 | D        | Reached skill level 23 in Fighting
  1662 | D        | Noticed a wind drake
  1662 | D        | Killed a titan
  1662 | D        | Killed a spriggan air mage
  1662 | D        | Reached skill level 24 in Fighting
  1662 | D        | Killed an air elemental
  1664 | D        | Killed a titan
  1668 | D        | Killed a storm dragon
  1669 | D        | Killed a spriggan air mage
  1670 | D        | HP: 4/180 [titan (29)]
  1673 | D        | Killed from afar by a titan

Table legend:
 A = Turns spent in this place as a percentage of turns spent in the entire game.
 B = Non-inter-level travel turns spent in this place as a percentage of non-inter-level travel turns spent in the entire game.
 C = Inter-level travel turns spent in this place as a percentage of turns spent in this place.
 D = Turns resting spent in this place as a percentage of non-inter-level travel turns spent in this place.
 E = Turns spent auto-exploring this place as a percentage of non-inter-level travel turns spent in this place.
 F = Non-inter-level travel turns spent in this place divided by the number of levels of this place that you've seen.
                   A       B       C       D       E      F
               +-------+-------+-------+-------+-------+----------------------
         Total | 100.0 | 100.0 |   0.0 |   1.7 |   0.0 | 1430.0
       Dungeon | 100.0 | 100.0 |   0.0 |   1.7 |   0.0 | 1430.0
               +-------+-------+-------+-------+-------+----------------------

Table legend:
 A = Kills in this place as a percentage of kills in entire the game.
 B = Kills by you in this place as a percentage of kills by you in the entire game.
 C = Kills by friends in this place as a percentage of kills by friends in the entire game.
 D = Other kills in this place as a percentage of other kills in the entire game.
 E = Experience gained in this place as a percentage of experience gained in the entire game.
 F = Experience gained in this place divided by the number of levels of this place that you have seen.
                   A       B       C       D       E      F
               +-------+-------+-------+-------+-------+----------------------
         Total | 100.0 | 100.0 | 100.0 | 100.0 | 100.0 | 199533.0
       Dungeon | 100.0 | 100.0 | 100.0 | 100.0 | 100.0 | 199533.0
               +-------+-------+-------+-------+-------+----------------------

Vanquished Creatures
  3 golden dragons (D)
  An electric golem (D)
  A lich (D)
  5 deep elf blademasters (D)
  4 deep elf master archers (D)
  2 titans (D)
  2 quicksilver dragons (D)
  2 tentacled starspawn (D)
  3 shadow dragons (D)
  A storm dragon (D)
  An azure jelly (D)
  5 deep elf sorcerers (D)
  An iron dragon (D)
  2 orc warlords (D)
  A draconian zealot (D)
  A balrug (D)
  A very ugly thing (D)
  A spriggan defender (D)
  2 stone giants (D)
  2 large abominations (D)
  A black draconian (D)
  6 deep elf annihilators (D)
  A white draconian (D)
  2 yellow draconians (D)
  A green draconian (D)
  A mottled draconian (D)
  4 purple draconians (D)
  3 red draconians (D)
  A dire elephant (D)
  7 vault guards (D)
  A fire dragon (D)
  2 death oozes (D)
  A deep elf high priest (D)
  5 spriggan air magi (D)
  4 hydras (D)
  A great orb of eyes (D)
  2 ice dragons (D)
  An anaconda (D)
  A satyr (D)
  A hell hog (D)
  2 orc high priests (D)
  7 soul eaters (D)
  2 spriggan berserkers (D)
  9 deep elf knights (D)
  A small abomination (D)
  2 shock serpents (shapeshifter) (D)
  A wretched star (D)
  A death drake (shapeshifter) (D)
  A giant orange brain (shapeshifter) (D)
  A death drake (D)
  A giant orange brain (D)
  5 deep elf summoners (D)
  3 orc knights (D)
  A wolf spider (D)
  3 deep elf conjurers (D)
  An ugly thing (D)
  An oklob plant (D)
  A hornet (D)
  An orc sorcerer (D)
  A moth of wrath (D)
  A smoke demon (D)
  An eye of devastation (D)
  A fire drake (D)
  2 deep elf priests (D)
  2 freezing wraiths (D)
  2 trolls (shapeshifter) (D)
  A queen bee (shapeshifter) (D)
  A troll (D)
  6 slime creatures (D)
  2 jumping spiders (D)
  2 air elementals (D)
  A slime creature (shapeshifter) (D)
  A tarantella (D)
  3 spriggans (D)
  2 wyverns (D)
  4 golden eyes (D)
  A yak (D)
  8 deep elf fighters (D)
  A steam dragon (D)
  2 wolves (D)
  5 deep elf magi (D)
  A warg (D)
  A mottled dragon (D)
  A neqoxec (D)
  An ice beast (D)
  A naga (D)
  3 phantoms (D)
  A water moccasin (D)
  2 swamp drakes (D)
  2 black bears (D)
  3 orc warriors (D)
  2 wasps (D)
  An ogre (D)
  2 necrophages (D)
  3 eyes of draining (D)
  4 scorpions (D)
  2 wights (D)
  2 quasits (D)
  4 jellies (D)
  2 crimson imps (D)
  An orc priest (D)
  3 orc wizards (D)
  An adder (D)
  2 white imps (D)
  3 giant eyeballs (D)
  4 oozes (D)
  A spectral adder (D)
  2 ufetubi (D)
  2 adder skeletons (D)
  An adder zombie (D)
  8 orcs (D)
  A spectral bat (D)
  A bat simulacrum (D)
  A bat skeleton (D)
  3 ball pythons (D)
  A jackal skeleton (D)
  A jackal zombie (D)
  A quokka skeleton (D)
  A spectral jackal (D)
  3 crawling corpses (D)
  4 starspawn tentacles (D)
264 creatures vanquished.

Vanquished Creatures (collateral kills)
  A deep elf blademaster (D)
  A deep elf master archer (D)
  A deep elf annihilator (D)
  2 mottled draconians (D)
  A white draconian (D)
  A purple draconian (D)
  A vault guard (D)
  An ice dragon (D)
  A hydra (D)
  An anaconda (D)
  An ice devil (D)
  A deep elf summoner (D)
  A manticore (shapeshifter) (D)
  A deep elf conjurer (D)
  A salamander (shapeshifter) (D)
  An orange demon (D)
  A yaktaur (D)
  A wyvern (D)
  A deep elf mage (D)
  A spriggan (D)
  3 air elementals (D)
  2 deep elf fighters (D)
  A golden eye (D)
  An orc warrior (D)
  A white imp (D)
  An ufetubus (D)
  A butterfly (D)
  A starspawn tentacle (D)
32 creatures vanquished.

Vanquished Creatures (others)
  A wind drake (D)
  A steam dragon (D)
  A wyvern (D)
  2 starspawn tentacles (D)
  80 starspawn tentacle segments (D)
85 creatures vanquished.

Grand Total: 381 creatures vanquished
